SA
NIAGARA FALLS EXPOS @ YELLOWKNIFE DRAGONBLOOD
05/09/2034
 
TOP OF THE 1ST
Niagara Falls Expos batting - Pitching for Yellowknife Dragonblood : LHP Ismael Riddles
Pitching: LHP Ismael Riddles
Batting: LHB Barry Flauker 0-0: Ground out 5-3 (Groundball, 56)
Batting: RHB Darryl Edwards 0-0: Called Strike
0-1: Called Strike
0-2: Strikes out swinging
Batting: RHB Chrysler Rodriguez 0-0: Ball
1-0: Foul Ball, location: 2F
1-1: Called Strike
1-2: Foul Ball, location: 2F
1-2: Ball
2-2: Ground out 5-3 (Groundball, 5S)
Top of the 1st over - 0 runs, 0 hits, 0 errors, 0 left on base; Niagara Falls 0 - Yellowknife 0
BOTTOM OF THE 1ST
Yellowknife Dragonblood batting - Pitching for Niagara Falls Expos : RHP William Penn
Pitching: RHP William Penn
Batting: SHB Lai-hsiang Loh 0-0: Swinging Strike
0-1: Foul Ball, location: 2F
0-2: Ball
1-2: Strikes out swinging
Batting: SHB Jim Dunleavy 0-0: Swinging Strike
0-1: Foul Ball, location: 2F
0-2: Ground out 6-3 (Groundball, 6)
Batting: RHB Jeff Reed 0-0: Ball
1-0: Ground out 5-3 (Groundball, 56S)
Bottom of the 1st over - 0 runs, 0 hits, 0 errors, 0 left on base; Niagara Falls 0 - Yellowknife 0
TOP OF THE 2ND
Niagara Falls Expos batting - Pitching for Yellowknife Dragonblood : LHP Ismael Riddles
Batting: RHB Cedric Terriquez 0-0: Ball
1-0: Called Strike
1-1: Ground out 6-3 (Groundball, 6M)
Batting: LHB Mike Sanderson 0-0: Called Strike
0-1: Fly out, F4 (Popup, 34D)
Batting: RHB Yaakov Shmerkin 0-0: Foul Ball, location: 2F
0-1: Ball
1-1: Called Strike
1-2: Strikes out looking
Top of the 2nd over - 0 runs, 0 hits, 0 errors, 0 left on base; Niagara Falls 0 - Yellowknife 0
BOTTOM OF THE 2ND
Yellowknife Dragonblood batting - Pitching for Niagara Falls Expos : RHP William Penn
Batting: SHB Bren Spillane 0-0: Foul Ball, location: 2F
0-1: Ball
1-1: Ball
2-1: Fly out, F8 (Flyball, 89D)
Batting: RHB Andy Garnet 0-0: Ball
1-0: Fly out, F9 (Flyball, 9LS)
Batting: RHB Ricardo Mireles 0-0: Fly out, F7 (Line Drive, 7D)
Bottom of the 2nd over - 0 runs, 0 hits, 0 errors, 0 left on base; Niagara Falls 0 - Yellowknife 0
TOP OF THE 3RD
Niagara Falls Expos batting - Pitching for Yellowknife Dragonblood : LHP Ismael Riddles
Batting: RHB Qi-chao Di 0-0: Ball
1-0: Called Strike
1-1: Foul Ball, location: 2F
1-2: Ball
2-2: Foul Ball, location: 2F
2-2: Ball
3-2: Base on Balls
Batting: RHB Dale Doney 0-0: Called Strike
0-1: Ball
1-1: Ball
2-1: Grounds into double play, 6-4-3 (Groundball, 6)
Batting: RHB Cord Hosenbeck 0-0: Called Strike
0-1: Swinging Strike
0-2: Foul Ball, location: 2F
0-2: Strikes out swinging
Top of the 3rd over - 0 runs, 0 hits, 0 errors, 0 left on base; Niagara Falls 0 - Yellowknife 0
BOTTOM OF THE 3RD
Yellowknife Dragonblood batting - Pitching for Niagara Falls Expos : RHP William Penn
Batting: RHB Cruz Orneleas 0-0: Foul Ball, location: 2F
0-1: Ball
1-1: Ball
2-1: Swinging Strike
2-2: Strikes out swinging
Batting: RHB Leonard Carroll 0-0: Called Strike
0-1: Foul Ball, location: 2F
0-2: Fly out, F7 (Flyball, 78M)
Batting: RHB José Cruz 0-0: Foul Ball, location: 2F
0-1: Fly out, F7 (Flyball, 78D)
Bottom of the 3rd over - 0 runs, 0 hits, 0 errors, 0 left on base; Niagara Falls 0 - Yellowknife 0
TOP OF THE 4TH
Niagara Falls Expos batting - Pitching for Yellowknife Dragonblood : LHP Ismael Riddles
Batting: LHB Barry Flauker 0-0: SINGLE (Groundball, 4MD)
Batting: RHB Darryl Edwards 0-0: Called Strike
0-1: Ball
1-1: Ball
2-1: Called Strike
2-2: Foul Ball, location: 2F
2-2: Strikes out swinging
Batting: RHB Chrysler Rodriguez 0-0: Ball
1-0: Ball
2-0: Called Strike
2-1: Ball
3-1: Foul Ball, location: 2F
3-2: SINGLE (Line Drive, 6M)
Barry Flauker to second
Batting: RHB Cedric Terriquez 0-0: Called Strike
0-1: Foul Ball, location: 2F
0-2: Ball
1-2: Ball
2-2: Foul Ball, location: 2F
2-2: Foul Ball, location: 2F
2-2: Ball
3-2: Foul Ball, location: 2F
3-2: Base on Balls
Barry Flauker to third
Chrysler Rodriguez to second
Batting: LHB Mike Sanderson 0-0: Called Strike
0-1: Foul Ball, location: 2F
0-2: Fly out, F8 (Flyball, 8RD)
Runner from 3rd tags up, SCORES, throw made
Batting: RHB Yaakov Shmerkin 0-0: Ball
1-0: Fly out, F1 (Line Drive, 13S)
Top of the 4th over - 1 run, 2 hits, 0 errors, 2 left on base; Niagara Falls 1 - Yellowknife 0
BOTTOM OF THE 4TH
Yellowknife Dragonblood batting - Pitching for Niagara Falls Expos : RHP William Penn
Batting: SHB Lai-hsiang Loh 0-0: Foul Ball, location: 2F
0-1: Foul Ball, location: 2F
0-2: Ball
1-2: Ground out 1-3 (Groundball, 25)
Batting: SHB Jim Dunleavy 0-0: Ball
1-0: Foul Ball, location: 2F
1-1: Hit by Pitch
Batting: RHB Jeff Reed 0-0: Ball
Throwing error on steal attempt, E2
Jim Dunleavy to third
1-0: Ball
2-0: Ball
3-0: Called Strike
3-1: Called Strike
3-2: Ground out U3 (Groundball, 34S)
Jim Dunleavy scores
Batting: SHB Bren Spillane 0-0: Called Strike
0-1: Swinging Strike
0-2: Foul Ball, location: 2F
0-2: Strikes out swinging
Bottom of the 4th over - 1 run, 0 hits, 1 error, 0 left on base; Niagara Falls 1 - Yellowknife 1
TOP OF THE 5TH
Niagara Falls Expos batting - Pitching for Yellowknife Dragonblood : LHP Ismael Riddles
Batting: RHB Qi-chao Di 0-0: Ball
1-0: Foul Ball, location: 2F
1-1: SOLO HOME RUN (Flyball, 7LD), Distance : 357 ft
Batting: RHB Dale Doney 0-0: Fly out, F6 (Popup, 6)
Batting: RHB Cord Hosenbeck 0-0: Ball
1-0: Called Strike
1-1: Foul Ball, location: 2F
1-2: Strikes out swinging
Batting: LHB Barry Flauker 0-0: Called Strike
0-1: Foul Ball, location: 2F
0-2: Strikes out swinging
Top of the 5th over - 1 run, 1 hit, 0 errors, 0 left on base; Niagara Falls 2 - Yellowknife 1
BOTTOM OF THE 5TH
Yellowknife Dragonblood batting - Pitching for Niagara Falls Expos : RHP William Penn
Batting: RHB Andy Garnet 0-0: Ball
1-0: Fly out, F9 (Flyball, 89D)
Batting: RHB Ricardo Mireles 0-0: Ball
1-0: Called Strike
1-1: Ground out 6-3 (Groundball, 6)
Batting: RHB Cruz Orneleas 0-0: Ground out 4-3 (Groundball, 4MS)
Bottom of the 5th over - 0 runs, 0 hits, 0 errors, 0 left on base; Niagara Falls 2 - Yellowknife 1
TOP OF THE 6TH
Niagara Falls Expos batting - Pitching for Yellowknife Dragonblood : LHP Ismael Riddles
Batting: RHB Darryl Edwards 0-0: Ball
1-0: Ball
2-0: Called Strike
2-1: Foul Ball, location: 2F
2-2: Strikes out looking
Batting: RHB Chrysler Rodriguez 0-0: SINGLE (Flyball, 89M)
Batting: RHB Cedric Terriquez 0-0: Ball
1-0: Called Strike
1-1: Fly out, F7 (Flyball, 78D)
Batting: LHB Mike Sanderson 0-0: Ball
1-0: Ball
2-0: Called Strike
2-1: Ball
3-1: Foul Ball, location: 2F
3-2: Foul Ball, location: 2F
3-2: Ground out 5-3 (Groundball, 56)
Top of the 6th over - 0 runs, 1 hit, 0 errors, 1 left on base; Niagara Falls 2 - Yellowknife 1
BOTTOM OF THE 6TH
Yellowknife Dragonblood batting - Pitching for Niagara Falls Expos : RHP William Penn
Batting: RHB Leonard Carroll 0-0: Swinging Strike
0-1: Ball
1-1: Foul Ball, location: 2F
1-2: Foul Ball, location: 2F
1-2: Ground out 5-3 (Groundball, 56)
Batting: RHB José Cruz 0-0: Called Strike
0-1: Ball
1-1: Fly out, F5 (Popup, 5SF)
Batting: SHB Lai-hsiang Loh 0-0: Ball
1-0: SINGLE (Line Drive, 4MD)
Batting: SHB Jim Dunleavy 0-0: Ball
1-0: Ball
2-0: Ball
3-0: Base on Balls
Lai-hsiang Loh to second
Batting: RHB Jeff Reed 0-0: SINGLE (Groundball, 56S) (infield hit)
Lai-hsiang Loh to third
Jim Dunleavy to second
Batting: SHB Bren Spillane 0-0: Ball
1-0: Called Strike
1-1: Ball
2-1: Ball
3-1: SINGLE (Line Drive, 8LS)
Lai-hsiang Loh scores
Jim Dunleavy to third
Jeff Reed to second
Batting: RHB Andy Garnet 0-0: Ball
1-0: Ball
2-0: Swinging Strike
2-1: SINGLE (Line Drive, 4MD)
Jim Dunleavy scores
Jeff Reed to third
Bren Spillane to second
Runner from 3rd tries for Home, SAFE, no throw
Batting: RHB Ricardo Mireles 0-0: Called Strike
0-1: Ball
1-1: Called Strike
1-2: Ball
2-2: Strikes out swinging
Bottom of the 6th over - 3 runs, 4 hits, 0 errors, 2 left on base; Niagara Falls 2 - Yellowknife 4
TOP OF THE 7TH
Niagara Falls Expos batting - Pitching for Yellowknife Dragonblood : LHP Ismael Riddles
Batting: RHB Yaakov Shmerkin 0-0: Ball
1-0: Ground out 5-3 (Groundball, 5)
Batting: RHB Qi-chao Di 0-0: Ball
1-0: Called Strike
1-1: Called Strike
1-2: Ball
2-2: Ball
3-2: Foul Ball, location: 2F
3-2: Strikes out looking
Batting: RHB Dale Doney 0-0: Called Strike
0-1: Ball
1-1: Ball
2-1: Foul Ball, location: 2F
2-2: Ball
3-2: Foul Ball, location: 2F
3-2: Foul Ball, location: 2F
3-2: Ground out U3 (Groundball, 34S)
Top of the 7th over - 0 runs, 0 hits, 0 errors, 0 left on base; Niagara Falls 2 - Yellowknife 4
BOTTOM OF THE 7TH
Yellowknife Dragonblood batting - Pitching for Niagara Falls Expos : RHP William Penn
Batting: RHB Cruz Orneleas 0-0: Ball
1-0: Ball
2-0: Ball
3-0: Called Strike
3-1: Base on Balls
Batting: RHB Leonard Carroll 0-0: Called Strike
0-1: Bunt missed!
0-2: Ground out 5-3 (Groundball, 56S)
Cruz Orneleas to second
Batting: RHB José Cruz 0-0: Fly out, F9 (Flyball, 9S)
Batting: SHB Lai-hsiang Loh 0-0: Swinging Strike
0-1: Ball
1-1: SINGLE (Line Drive, 7S)
Cruz Orneleas to third
Runner from 3rd tries for Home, SAFE, no throw
Batting: SHB Jim Dunleavy 0-0: Called Strike
0-1: Ball
Lai-hsiang Loh steals 2nd base
1-1: SINGLE (Line Drive, 6MD)
Lai-hsiang Loh to third
Runner from 3rd tries for Home, SAFE, no throw
Pitching: RHP António Jiménez
Batting: RHB Jeff Reed 0-0: Ball
1-0: Foul Ball, location: 2F
1-1: Ball
2-1: Swinging Strike
2-2: Strikes out looking
Bottom of the 7th over - 2 runs, 2 hits, 0 errors, 1 left on base; Niagara Falls 2 - Yellowknife 6
TOP OF THE 8TH
Niagara Falls Expos batting - Pitching for Yellowknife Dragonblood : LHP Ismael Riddles
Pitching: RHP Santtu Öunap
Batting: RHB Cord Hosenbeck 0-0: Ball
1-0: Ball
2-0: Fly out, F8 (Line Drive, 8LS)
Batting: LHB Barry Flauker 0-0: Foul Ball, location: 2F
0-1: Fly out, F8 (Flyball, 8RM)
Batting: RHB Darryl Edwards 0-0: Foul Ball, location: 2F
0-1: Foul Ball, location: 2F
0-2: Ball
1-2: Ground out 6-3 (Groundball, 6)
Top of the 8th over - 0 runs, 0 hits, 0 errors, 0 left on base; Niagara Falls 2 - Yellowknife 6
BOTTOM OF THE 8TH
Yellowknife Dragonblood batting - Pitching for Niagara Falls Expos : RHP António Jiménez
Batting: SHB Bren Spillane 0-0: SINGLE (Groundball, 6MD)
Batting: RHB Andy Garnet 0-0: Fly out, F3 (Popup, 34S)
Batting: RHB Ricardo Mireles 0-0: Called Strike
Bren Spillane is caught stealing 2nd base
0-1: Ball
1-1: Ball
2-1: Foul Ball, location: 2F
2-2: Strikes out swinging
Bottom of the 8th over - 0 runs, 1 hit, 0 errors, 0 left on base; Niagara Falls 2 - Yellowknife 6
TOP OF THE 9TH
Niagara Falls Expos batting - Pitching for Yellowknife Dragonblood : RHP Santtu Öunap
Batting: RHB Chrysler Rodriguez 0-0: Called Strike
0-1: Called Strike
0-2: Foul Ball, location: 2F
0-2: Strikes out swinging
Batting: RHB Cedric Terriquez 0-0: Ball
1-0: Foul Ball, location: 2F
1-1: Called Strike
1-2: Ball
2-2: Fly out, F8 (Flyball, 8RM)
Batting: LHB Mike Sanderson 0-0: Ball
1-0: Called Strike
1-1: Swinging Strike
1-2: Strikes out swinging
Top of the 9th over - 0 runs, 0 hits, 0 errors, 0 left on base; Niagara Falls 2 - Yellowknife 6
Friday, March 29th, 2019 - OOTP Baseball 18.8 Build 76